 Dungeon Crawl Stone Soup version 0.30-a0-1050-g2766ea1e55 (webtiles) character file.

Game seed: 4380771412899467235

2 MacCMillion the Shooter (level 1, -2/17 HPs)
             Began as a Demigod Hunter on Apr 11, 2023.
             Slain by a quokka (4 damage)
             ... on level 1 of the Dungeon.
             The game lasted 00:00:14 (64 turns).

MacCMillion the Shooter (Demigod Hunter)              Turns: 64, Time: 00:00:14

Health: -2/17      AC:  3    Str: 12    XL:     1   Next: 26%
Magic:  3/3        EV: 12    Int: 11    God:
Gold:   9          SH:  0    Dex: 17    Spells: 0/0 levels left

rFire   . . .      SeeInvis .    a - +0 shortbow
rCold   . . .      Faith    .    (shield currently unavailable)
rNeg    . . .      Spirit   .    c - +0 leather armour
rPois   .          Reflect  .    (no helmet)
rElec   .          Rampage  .    (no cloak)
rCorr   .                        (no gloves)
Will    .....                    (no boots)
Stlth   ++                       (no amulet)
HPRegen 0.22/turn                (no ring)
MPRegen 0.08/turn                (no ring)

@: no status effects
A: high MP 1, forlorn, divine attributes
a: no special abilities


You were on level 1 of the Dungeon.
You visited 1 branch of the dungeon, and saw 1 of its levels.

You collected 9 gold pieces.

Inventory:

Hand Weapons
 a - a +0 shortbow (weapon)
Armour
 c - a +0 leather armour (worn)
Scrolls
 b - a scroll of immolation


   Skills:
 - Level 1.7 Fighting
 + Level 3.6 Ranged Weapons
 - Level 1.7 Dodging
 + Level 1.1 Stealth


You couldn't memorise any spells.
You didn't know any spells.
Your spell library was empty.

Dungeon Overview and Level Annotations

Branches:
Dungeon (1/15)


Innate Abilities, Weirdness & Mutations

You have an increased reservoir of magic. (+10% MP)
You shall have no god before yourself.
Your divine heritage dramatically boosts your attributes as you level up.


Message History

You shoot an arrow. The arrow hits the kobold.
The kobold is moderately wounded.
You shoot an arrow. The arrow closely misses the kobold.
You shoot an arrow. The arrow hits the kobold!
You kill the kobold!
No target in view!
No target in view!
You see here a +0 whip.
A kobold comes into view. It is wielding a +0 whip.
The kobold shouts!
A kobold is nearby!
You shoot an arrow. The arrow closely misses the kobold.
You shoot an arrow. The arrow barely misses the kobold.
You shoot an arrow.
The arrow hits the kobold but does no damage.
You shoot an arrow. The arrow hits the kobold!
You kill the kobold!
Your Stealth skill increases to level 1!
Found a robe.
You see here a +0 robe.
A goblin and a quokka come into view.
Found a ring mail.
You shoot an arrow. The arrow hits the goblin.
The goblin is severely wounded.
A quokka comes into view.
You shoot an arrow. The arrow closely misses the goblin.
The arrow misses the quokka.
The goblin hits you but does no damage. The quokka bites you.
The goblin hits you with a +0 dagger. The quokka closely misses you.
Unknown command.
You shoot an arrow. The arrow hits the goblin.
You kill the goblin!
The quokka bites you.
You shoot an arrow. The arrow hits the quokka.
The quokka is lightly wounded.
The quokka bites you. x3
* * * LOW HITPOINT WARNING * * *
The quokka twitches its whiskers.
The quokka bites you.
You die...

#### ## .......
.#..[#. .......
.?..... ##########
......r######....[...#
#r@......######.#
.......######## #.#
###.### ###.### ..
#...... . #.#.#.. .
#.#.#.. .........
....##... ....#..).


You could see 2 quokkas.

Vanquished Creatures
  A goblin (D:1)
  2 kobolds (D:1)
3 creatures vanquished.

Notes
Turn   | Place    | Note
-------+----------+-------------------------------------------
     0 | D:1      | MacCMillion the Demigod Hunter began the quest for the Orb.
     0 | D:1      | Reached XP level 1. HP: 17/17 MP: 3/3
    25 | D:1      | Reached skill level 1 in Stealth
    64 | D:1      | Slain by a quokka

Illustrated notes

Levels and vault maps discovered:
D:1:      amcnicky_arrival_gap_in_the_tavern_cellar, layout_loops_cross,
          minmay_misc_feat_encased, minmay_bisected

Skill      XL: |  1 |
---------------+----+-----
Stealth        | 1 |  1.1
Fighting       | |  1.7
Ranged Weapons | |  3.6
Dodging        | |  1.7

Action                     || total
---------------------------++-------
   Fire: Shortbow          ||    11
 Armour: Leather armour    ||     1
  Dodge: Dodged            ||     1

Table legend: (Time is in decaauts)
 A = Elapsed time spent in this place.
 B = Non-inter-level travel time spent in this place.
 C = Inter-level travel time spent in this place.
 D = Time resting spent in this place.
 E = Time spent auto-exploring this place.
 F = Levels seen in this place.
 G = Mean time per level.
                   A        B        C        D        E       F      G
               +--------+--------+--------+--------+--------+-----+--------+
         Total |     67 |     67 |      0 |      0 |     50 |   1 |   67.0 |
       Dungeon |     67 |     67 |      0 |      0 |     50 |   1 |   67.0 |
               +--------+--------+--------+--------+--------+-----+--------+

Top non-repeatable levels by time:
     D:1: 67 daAuts
